 Dungeon Crawl Stone Soup version 0.22-a0-322-g60b3cfd (webtiles) character file.

25 Kairos the Covered (level 3, 25/29 HPs)
             Began as a Human Fighter on Apr 3, 2018.
             Got out of the dungeon alive.
             The game lasted 00:00:42 (591 turns).

Kairos the Covered (Human Fighter)                   Turns: 591, Time: 00:00:43

Health: 25/29      AC:  6    Str: 16    XL:     3   Next: 20%
Magic:  3/3        EV:  7    Int:  8    God:
Gold:   38         SH:  9    Dex: 13    Spells: 2/2 levels left

rFire    . . .     SeeInvis .   a - +0 flail
rCold    + . .     Gourm    .   c - +0 shield
rNeg     . . .     Faith    .   b - +0 scale mail
rPois    .         Spirit   .   (no helmet)
rElec    .         Reflect  .   (no cloak)
rCorr    .         Harm     .   (no gloves)
MR       .....                  (no boots)
Stlth    ..........             (no amulet)
HPRegen  0.09/turn              l - ring of protection from cold
MPRegen  0.08/turn              (no ring)

@: no status effects
A: no striking features
a: no special abilities


You escaped.
You were not hungry.

You visited 1 branch of the dungeon, and saw 1 of its levels.

You collected 38 gold pieces.

Inventory:

Hand Weapons
 a - a +0 flail (weapon)
Armour
 b - a +0 scale mail (worn)
 c - a +0 shield (worn)
Jewellery
 l - a ring of protection from cold (left hand)
Scrolls
 e - a scroll of teleportation {unknown}
 j - a scroll of amnesia {unknown}
 k - a scroll of identify {unknown}
Potions
 d - a potion of might
 g - 2 potions of lignification {unknown}
 h - a potion of berserk rage {unknown}
 i - a potion of degeneration {unknown}
Comestibles
 f - 2 rations


   Skills:
 + Level 3.3 Fighting
 + Level 2.2 Maces & Flails
 + Level 3.3 Armour
 + Level 0.2 Dodging
 + Level 3.3 Shields


You had 2 spell levels left.
You didn't know any spells.

Dungeon Overview and Level Annotations

Branches:
Dungeon (1/15)

Altars:


Message History

You see here a stone.
You sock the kobold!
You kill the kobold!
No target in view!
No target in view!
You see here 2 stones.
You open the door.
There is a staircase leading out of the dungeon here.
Key pressed, stopping explore.
There is an open door here.
Done exploring.
Done exploring.
No target in view!
No target in view!
Done exploring.
l - a ring of protection from cold (left hand)
There is an open door here.
There is a staircase leading out of the dungeon here.
Are you sure you want to leave the Dungeon?
This will make you lose the game!
You have escaped!

..#..).(.............#.##.###....
......#########.#................
......+......)............###.###
......#########.#####.....# #.#..
...................##.....# #.#.#
......############.###....###....
......'...##.....#.# #...........
......###..#.##....###....###....
......# #....#..@..#......# #.#..
......# #.####....##.#....# #.###
..)...# #.# #.#.....#....###.###
......# #.# #.#########.........
####### #.# #...# #.........###
.########.######.####....>#####
........#.##.......##############
........#.##.......##............
........#.##.......##.#####......


There were no monsters in sight!

Vanquished Creatures
  A dart slug (D:1)
  2 bats (D:1)
  2 giant cockroaches (D:1)
  4 goblins (D:1)
  3 hobgoblins (D:1)
  4 jackals (D:1)
  A frilled lizard (D:1)
  2 kobolds (D:1)
  A rat (D:1)
20 creatures vanquished.

Notes
Turn   | Place    | Note
-------+----------+-------------------------------------------
     0 | D:1      | Kairos the Human Fighter began the quest for the Orb.
     0 | D:1      | Reached XP level 1. HP: 18/18 MP: 1/1
   158 | D:1      | Reached XP level 2. HP: 24/24 MP: 2/2
   472 | D:1      | Reached XP level 3. HP: 15/29 MP: 3/3
   591 | D:$      | Got out of the dungeon alive.

Vault maps used:
D:1:      saegor_arrival_simple_f, minmay_pentomino_p2

Action                   || total
-------------------------++-------
Melee: Flail             ||    42
Armor: Scale mail        ||    29
Dodge: Dodged            ||    16
Block: Shield            ||    28

Table legend:
 A = Spawn XP
 B = Non-spawn XP
 C = Spawn XP percentage of total XP
 D = Spawn monster count
 E = Non-spawn monster count
 F = Spawn count percentage of total count
 G = Total turns spent on level
                    A         B        C        D         E        F      G
               +---------+---------+-------+---------+---------+-------+---------
         Total |       0 |      37 |   0.0 |       0 |      20 |   0.0 |   591
               +---------+---------+-------+---------+---------+-------+---------
           D:1 |       0 |      37 |   0.0 |       0 |      20 |   0.0 |   591
               +---------+---------+-------+---------+---------+-------+---------
